Workbook

Sheet PAC
A1: CATEGORIA | B1: GRUPO DE DESPESA | C1: ITEM | D1: UNF | E1: QUANTIDADE | F1: VALOR UNITÁRIO | G1: VALOR TOTAL | H1: DATA INICIAL | I1: DATA FINAL | J1: VINCULO | K1: PROJETO | L1: JUSTIFICATIVA | M1: LOGADO POR | N1: SECRETARIA | O1: DATA DE INCLUSÃO
A2: Material de Consumo | B2: Gêneros de Alimentação | C2: AÇUCAR CRISTAL BRANCO, PACOTE DE 2 KG | D2: Unidade | E2: 10 | F2: 6.89 | G2: =E2*F2 -> 68.9 | H2: JANEIRO | I2: DEZEMBRO | J2: NÃO | K2: NÃO | L2: Para uso na cozinha do Centro Administrativo. | M2: ADMINISTRAÇÃO | N2: ADMINISTRAÇÃO
A3: Material de Consumo | B3: Material para Manutenção de Bens Imóveis | C3: ADESIVO SILICONE TRANSP. 275 ML | D3: Unidade | E3: 20 | F3: 27.99 | G3: =E3*F3 -> 559.8 | H3: JANEIRO | I3: DEZEMBRO | J3: NÃO | K3: NÃO | L3: Manutenção da Secretaria | M3: ADMINISTRAÇÃO | N3: ADMINISTRAÇÃO
A4: Material de Consumo | B4: Combustiveis e Lubrificantes Automotivos | C4: ADITIVO CONDICIONADOR DE METAIS | D4: Unidade | E4: 4 | F4: 81 | G4: =E4*F4 -> 324 | H4: JANEIRO | I4: DEZEMBRO | J4: NÃO | K4: NÃO | L4: Para uso na manutenção dos veículos do Gabinete e Secretaria de Administração | M4: ADMINISTRAÇÃO | N4: ADMINISTRAÇÃO
A5: Material de Consumo | B5: Combustiveis e Lubrificantes Automotivos | C5: ADITIVO PARA RADIADOR 1L | D5: Unidade | E5: 6 | F5: 24.9 | G5: =E5*F5 -> 149.4 | H5: JANEIRO | I5: DEZEMBRO | J5: NÃO | K5: NÃO | L5: Para uso na manutenção dos veículos do Gabinete e Secretaria de Administração. | M5: ADMINISTRAÇÃO | N5: ADMINISTRAÇÃO
A6: Material de Consumo | B6: Material de Expediente | C6: AGENDA EXECUTIVA | D6: Unidade | E6: 300 | F6: 34.9 | G6: =E6*F6 -> 10470 | H6: AGOSTO | I6: DEZEMBRO | J6: NÃO | K6: NÃO | L6: Agendas executivas aos servidores públicos municipais, para melhor organização de suas atividades | M6: ADMINISTRAÇÃO | N6: ADMINISTRAÇÃO
A7: Material de Consumo | B7: Gêneros de Alimentação | C7: ÁGUA MINERAL COM GÁS(FARDO COM 12 UNIDADES) | D7: Unidade | E7: 35 | F7: 12.5 | G7: =E7*F7 -> 437.5 | H7: JANEIRO | I7: DEZEMBRO | J7: NÃO | K7: NÃO | L7: Manutenção do Gabinete da Prefeita | M7: ADMINISTRAÇÃO | N7: ADMINISTRAÇÃO
A8: Material de Consumo | B8: Gêneros de Alimentação | C8: ÁGUA MINERAL SEM GÁS (FARDO COM 12 UNIDADES) | D8: Unidade | E8: 35 | F8: 12.5 | G8: =E8*F8 -> 437.5 | H8: JANEIRO | I8: DEZEMBRO | J8: NÃO | K8: NÃO | L8: Manutenção do Gabinete da Prefeita | M8: ADMINISTRAÇÃO | N8: ADMINISTRAÇÃO
A9: Material de Consumo | B9: Material de Limpeza e Produtos de Higienização | C9: ÁGUA SANITÁRIA 2L | D9: Unidade | E9: 70 | F9: 4.59 | G9: =E9*F9 -> 321.3 | H9: DEZEMBRO | I9: DEZEMBRO | J9: NÃO | K9: NÃO | L9: Para uso na limpeza do centro administrativo. | M9: ADMINISTRAÇÃO | N9: ADMINISTRAÇÃO
A10: Material de Consumo | B10: Material de Limpeza e Produtos de Higienização | C10: ÁLCOOL ETÍLICO HIDRATADO GEL 70%, EMBALAGEM DE 500G | D10: Unidade | E10: 15 | F10: 5.4 | G10: =E10*F10 -> 81 | H10: JANEIRO | I10: DEZEMBRO | J10: NÃO | K10: NÃO | L10: Para uso na limpeza do centro administrativo. | M10: ADMINISTRAÇÃO | N10: ADMINISTRAÇÃO
A11: Material de Consumo | B11: Material de Limpeza e Produtos de Higienização | C11: ÁLCOOL ETÍLICO HIDRATADO LÍQUIDO 70° INPM, EMBALAGEM DE 01 LT | D11: Unidade | E11: 100 | F11: 8.7 | G11: =E11*F11 -> 870 | H11: JANEIRO | I11: NOVEMBRO | J11: NÃO | K11: NÃO | L11: Para uso na limpeza do centro administrativo. | M11: ADMINISTRAÇÃO | N11: ADMINISTRAÇÃO
A12: Material de Consumo | B12: Material de Uniformes, Tecidos e Aviamentos | C12: ALFINETE G | D12: Caixa | E12: 5 | F12: 6.9 | G12: =E12*F12 -> 34.5 | H12: JANEIRO | I12: DEZEMBRO | J12: NÃO | K12: NÃO | L12: Manutenção da Secretaria | M12: ADMINISTRAÇÃO | N12: ADMINISTRAÇÃO
A13: Material de Consumo | B13: Ferramentas | C13: ALICATE CRIMP RJ-45 | D13: Unidade | E13: 1 | F13: 48.8 | G13: =E13*F13 -> 48.8 | H13: JANEIRO | I13: DEZEMBRO | J13: NÃO | K13: NÃO | L13: Manutenção da Secretaria | M13: ADMINISTRAÇÃO | N13: ADMINISTRAÇÃO
... A392: Serviços | B392: Segurança Desarmada | C392: SEGURANÇA DESARMADA | D392: Unidade | E392: 15 | F392: 250 | G392: =E392*F392 -> 3750 | H392: JANEIRO | I392: DEZEMBRO | J392: NÃO | K392: NÃO | L392: Segurança para eventos da Administração Municipal | M392: ADMINISTRAÇÃO | N392: ADMINISTRAÇÃO
A393: Material de Consumo | B393: Material de Proteção e Segurança | C393: Abafador de ruidos SPR 14DB | D393: Unidade | E393: 3 | F393: 25.34 | G393: =E393*F393 -> 76.02 | H393: JANEIRO | I393: FEVEREIRO | J393: NÃO | K393: NÃO | L393: item para proteção contra ruídos para os operadores das maquina da secretaria | N393: AGRICULTURA
A394: Material de Consumo | B394: Combustiveis e Lubrificantes Automotivos | C394: ADITIVO COMBUSTIVEL 200ML | D394: Unidade | E394: 12 | F394: 11,9 | G394: =E394*F394 -> 142.8 | H394: JANEIRO | I394: DEZEMBRO | J394: NÃO | K394: NÃO | L394: PRODUTO PARA MANUTENÇÃO DOS IMPLEMENTOS DA SECRETARIA | N394: AGRICULTURA
A395: Material de Consumo | B395: Combustiveis e Lubrificantes Automotivos | C395: ADITIVO PARA RADIADOR 1L | D395: Unidade | E395: 12 | F395: 24,9 | G395: =E395*F395 -> 298.8 | H395: JANEIRO | I395: DEZEMBRO | J395: NÃO | K395: NÃO | L395: PRODUTO PARA MANUTENÇÃO DOS VEICULOS DA SECRETARIA | N395: AGRICULTURA
A396: Material de Consumo | B396: Material de Expediente | C396: AGENDA EXECUTIVA | D396: Unidade | E396: 10 | F396: 34,9 | G396: =E396*F396 -> 349 | H396: NOVEMBRO | I396: DEZEMBRO | J396: NÃO | K396: NÃO | L396: AGENDAS PARA ORGANIZAÇÃO E ANOTAÇÃO DOS FUNCIONARIOS DA SECRETARIA | N396: AGRICULTURA
A397: Material de Consumo | B397: Gêneros de Alimentação | C397: AGUA MINERAL GALÃO S/GÁS 20 LTS | D397: Unidade | E397: 12 | F397: 14,99 | G397: =E397*F397 -> 179.88 | H397: JANEIRO | I397: DEZEMBRO | J397: NÃO | K397: NÃO | L397: AGUA POTAVEL PARA CONSUMO DEE MUNICIPES E FUNCIONARIOS DA SECRETARIA | N397: AGRICULTURA
A398: Material de Consumo | B398: Material de Limpeza e Produtos de Higienização | C398: ÁGUA SANITÁRIA 2L | D398: Unidade | E398: 15 | F398: 4,59 | G398: =E398*F398 -> 68.85 | H398: JANEIRO | I398: DEZEMBRO | J398: NÃO | K398: NÃO | L398: ITEM PARA MANUTENÇÃO E LIMPEZA DA SECRETARIA | N398: AGRICULTURA
A399: Material de Consumo | B399: Material Hospitalar | C399: AGULHA DESCARTÁVEL 25X8 C/100 | D399: Caixa | E399: 2 | F399: 17,5 | G399: =E399*F399 -> 35 | H399: JANEIRO | I399: DEZEMBRO | J399: NÃO | K399: NÃO | L399: AGULHA PARA VACINAÇÃO CONTRA BRUCELOSE BOVINA | N399: AGRICULTURA
A400: Material de Consumo | B400: Material de Limpeza e Produtos de Higienização | C400: ÁLCOOL ETÍLICO HIDRATADO LÍQUIDO 70° INPM, EMBALAGEM DE 01 LT | D400: Unidade | E400: 24 | F400: 8,7 | G400: =E400*F400 -> 208.8 | H400: JANEIRO | I400: DEZEMBRO | J400: NÃO | K400: NÃO | L400: ALCOOL PARA HIGIENIZAÇÃO DA SECRETARIA | N400: AGRICULTURA
A401: Material de Consumo | B401: Material para Manutenção de Veículos | C401: AMORTECEDOR TRASEIRO 1º LINHA | D401: Unidade | E401: 2 | F401: 300 | G401: =E401*F401 -> 600 | H401: JANEIRO | I401: DEZEMBRO | J401: NÃO | K401: NÃO | L401: amortecedor traseiro para manutenção do veiculo ford fiesta ano 2012/2013 | N401: AGRICULTURA
A402: Material de Consumo | B402: Material para Manutenção de Veículos | C402: AMORTECEDOR TRASEIRO 1º LINHA | D402: Unidade | E402: 2 | F402: 300 | G402: =E402*F402 -> 600 | H402: JANEIRO | I402: DEZEMBRO | J402: SIM | K402: NÃO | L402: amortecedor traseiro para manutenção do veiculo vw saveiro 2012/2013 | N402: AGRICULTURA
A403: Material de Consumo | B403: Outros Materiais de Consumo | C403: ANTICORROSIVO DESENGRIPANTE | D403: Unidade | E403: 24 | F403: 21.9 | G403: =E403*F403 -> 525.6 | H403: JANEIRO | I403: DEZEMBRO | J403: NÃO | K403: NÃO | L403: produto usado na manutenção dos implementos e maquinários da secretaria | N403: AGRICULTURA
A404: Material de Consumo | B404: Material de Expediente | C404: APAGADOR PARA QUADRO BRANCO | D404: Unidade | E404: 2 | F404: 17.8 | G404: =E404*F404 -> 35.6 | H404: JANEIRO | I404: MARÇO | J404: NÃO | K404: NÃO | L404: apagador para uso no quadro branco de cotações agricolas e avisos da secretaria | N404: AGRICULTURA
A405: Material Permanente | B405: Aparelhos e Equipamentos de Comunicação | C405: APARELHO DE TELEFONE FIXO | D405: Unidade | E405: 1 | F405: 140 | G405: =E405*F405 -> 140 | H405: JANEIRO | I405: MARÇO | J405: NÃO | K405: NÃO | L405: aparelho de telefone fixo sem fio para melhor uso e compartilhamento nas salas da secretaria | N405: AGRICULTURA
A406: Material de Consumo | B406: Material de Expediente | C406: ARQUIVO MORTO DE PAPELÃO GRANDE | D406: Unidade | E406: 20 | F406: 4.8 | G406: =E406*F406 -> 96 | H406: JANEIRO | I406: DEZEMBRO | J406: NÃO | K406: NÃO | L406: material de expediente usado para arquivamento de documentos da secretaria | N406: AGRICULTURA
A407: Material de Consumo | B407: Material para Manutenção de Veículos | C407: ARRUELAS 3366318 | D407: Unidade | E407: 200 | F407: 60 | G407: =E407*F407 -> 12000 | H407: JANEIRO | I407: DEZEMBRO | J407: NÃO | K407: NÃO | L407: PARA MANUTENÇÃO DOS IMPLEMENTOS | N407: AGRICULTURA
A408: Material de Consumo | B408: Material de Expediente | C408: ATILHOS DE BORRACHA, PCT DE 1KG | D408: Unidade | E408: 1 | F408: 26.7 | G408: =E408*F408 -> 26.7 | H408: JANEIRO | I408: MARÇO | J408: NÃO | K408: NÃO | L408: material de escritorio utilizado pelos funcionários da secretaria | N408: AGRICULTURA
A409: Material de Consumo | B409: Material de Limpeza e Produtos de Higienização | C409: BALDE PLÁSTICO PARA LIMPEZA COM ALÇA CAPACIDADE DE 15 LTS | D409: Unidade | E409: 2 | F409: 16.9 | G409: =E409*F409 -> 33.8 | H409: JANEIRO | I409: DEZEMBRO | J409: NÃO | K409: NÃO | L409: balde para uso na limpeza e manutenção da secretaria | N409: AGRICULTURA
A410: Material de Consumo | B410: Material para Manutenção de Veículos | C410: BANDEJA SUSPENSÃO LADO DIREITO | D410: Unidade | E410: 2 | F410: 160 | G410: =E410*F410 -> 320 | H410: FEVEREIRO | I410: DEZEMBRO | J410: NÃO | K410: NÃO | L410: bandeja para manutenção do veiculo ford fiesta ano 2012/2013 | N410: AGRICULTURA
A411: Material de Consumo | B411: Material para Manutenção de Veículos | C411: BANDEJA SUSPENSÃO LADO DIREITO | D411: Unidade | E411: 2 | F411: 160 | G411: =E411*F411 -> 320 | H411: FEVEREIRO | I411: DEZEMBRO | J411: NÃO | K411: NÃO | L411: bandeja para manutenção do veiculo ford fiesta ano 2012/2013 | N411: AGRICULTURA
A412: Material de Consumo | B412: Material para Manutenção de Veículos | C412: BANDEJA SUSPENSÃO LADO ESQUERDO | D412: Unidade | E412: 2 | F412: 190 | G412: =E412*F412 -> 380 | H412: FEVEREIRO | I412: DEZEMBRO | J412: NÃO | K412: NÃO | L412: bandeja para manutenção do veiculo ford fiesta ano 2012/2013 | N412: AGRICULTURA
... A421: Material de Consumo | B421: Material para Manutenção de Veículos | C421: BATERIA 70AH | D421: Unidade | E421: 2 | F421: 640 | G421: =E421*F421 -> 1280 | H421: JANEIRO | I421: DEZEMBRO | J421: NÃO | K421: NÃO | L421: bateria para manutenção dos veiculo ford fiesta ano 2012/2013 e vw saveiro 2012/2013 | N421: AGRICULTURA
A422: Material Permanente | B422: Máquinas, Utensílios e Equipamentos Diversos | C422: BEBEDOURO DE ÁGUA C/ BOMBONA | D422: Unidade | E422: 1 | F422: 349,5 | G422: =E422*F422 -> 349.5 | H422: JANEIRO | I422: FEVEREIRO | J422: NÃO | K422: NÃO | L422: bebedouro para agua potavel dos funcionarios e municipes que vem até a secretaria | N422: AGRICULTURA
A423: Material de Consumo | B423: Material para Manutenção de Bens Móveis | C423: BICO ENGRAXADEIRA | D423: Unidade | E423: 4 | F423: 14,9 | G423: =E423*F423 -> 59.6 | H423: JANEIRO | I423: DEZEMBRO | J423: NÃO | K423: NÃO | L423: peça usada na engraxadeira que faz a manutenção dos implemntos para que os parafusos e engrenagens não enferrugem | N423: AGRICULTURA
A424: Material de Consumo | B424: Material de Expediente | C424: BLOCO GUIA ARRECADAÇÃO | D424: Unidade | E424: 10 | F424: 3,8 | G424: =E424*F424 -> 38 | H424: JANEIRO | I424: JULHO | J424: NÃO | K424: NÃO | L424: confecção de blocos onde são emitidas guias de pagamento dos serviços prestados pela secretaria | N424: AGRICULTURA
A425: Material de Consumo | B425: Material de Proteção e Segurança | C425: BLOQUEADOR SOLAR FPS-50, 120G | D425: Unidade | E425: 20 | F425: 29,9 | G425: =E425*F425 -> 598 | H425: JANEIRO | I425: DEZEMBRO | J425: NÃO | K425: NÃO | L425: protetor dolar para proteção dos funcionarios da secretaria que diariamente esto expostos ao sol | N425: AGRICULTURA
A426: Material de Consumo | B426: Outros Materiais de Consumo | C426: BOBINA 57X80 TERMOSCRIPT-RELÓGIO PONTO | D426: Unidade | E426: 3 | F426: 18,9 | G426: =E426*F426 -> 56.7 | H426: JANEIRO | I426: JUNHO | J426: NÃO | K426: NÃO | L426: bobina para impressao de registro digital do ponto dos funcionarios da secretaria | N426: AGRICULTURA
A427: Material de Consumo | B427: Material de Limpeza e Produtos de Higienização | C427: BOLSA PANO DE LIMPEZA TECIDO FECHADA 50X80 | D427: Unidade | E427: 30 | F427: 15,9 | G427: =E427*F427 -> 477 | H427: JANEIRO | I427: DEZEMBRO | J427: NÃO | K427: NÃO | L427: material usado na limpeza e conservação da secretaria | N427: AGRICULTURA
A428: Material de Consumo | B428: Material de Limpeza e Produtos de Higienização | C428: BOM AR | D428: Unidade | E428: 5 | F428: 15,69 | G428: =E428*F428 -> 78.45 | H428: JANEIRO | I428: DEZEMBRO | J428: NÃO | K428: NÃO | L428: preservação e limpeza da secretaria | N428: AGRICULTURA
A429: Serviços | B429: Confecção de Uniformes, Bandeiras e Flâmulas | C429: BONÉS DE MICRO-FIBRA ESTAMPADO | D429: Unidade | E429: 10 | F429: 38 | G429: =E429*F429 -> 380 | H429: ABRIL | I429: MAIO | J429: NÃO | K429: NÃO | L429: confecção de bonés personalizados para os funcionários da secretaria em alusão ao dia do trabalhador | N429: AGRICULTURA
A430: Material de Consumo | B430: Material de Proteção e Segurança | C430: BOTA CANO CURTO | D430: Unidade | E430: 3 | F430: 70 | G430: =E430*F430 -> 210 | H430: JANEIRO | I430: MARÇO | J430: NÃO | K430: NÃO | L430: material de proteção para os operadores das máquinas da secretaria | N430: AGRICULTURA
A431: Material de Consumo | B431: Material de Proteção e Segurança | C431: BOTA DE BORRACHA | D431: Unidade | E431: 4 | F431: 65 | G431: =E431*F431 -> 260 | H431: JANEIRO | I431: ABRIL | J431: NÃO | K431: NÃO | L431: bota pra proteção dos funcionarios que se deslocam para o interior para realizar serviços de vacinação e vistorias | N431: AGRICULTURA
A432: Material de Consumo | B432: Material para Manutenção de Veículos | C432: BRAÇO FACA COMPLETO | D432: Unidade | E432: 4 | F432: 1500 | G432: =E432*F432 -> 6000 | H432: JANEIRO | I432: DEZEMBRO | J432: NÃO | K432: NÃO | L432: peça para manutenção da enfardadeira onde esse braço faca é usado para atar os fardos | N432: AGRICULTURA
A433: Material de Consumo | B433: Material para Manutenção de Bens Imóveis | C433: BRITA N.º 1 | D433: Metro Cúbico | E433: 60 | F433: 133 | G433: =E433*F433 -> 7980 | H433: JANEIRO | I433: DEZEMBRO | J433: NÃO | K433: NÃO | L433: 60m cubicos de brita para fornecimento aos produtores que aderirem a lei 2.182/2021 da agroindustria | N433: AGRICULTURA
A434: Material de Consumo | B434: Material para Manutenção de Veículos | C434: BUCHA BANDEJA DIANTEIRA | D434: Par | E434: 2 | F434: 110 | G434: =E434*F434 -> 220 | H434: JANEIRO | I434: DEZEMBRO | J434: NÃO | K434: NÃO | L434: peças para manutenção de véiculo ford fiesta placa ITD9f35 ano 2012/2013 | N434: AGRICULTURA
A435: Material de Consumo | B435: Material para Manutenção de Veículos | C435: BUCHA BANDEJA DIANTEIRA | D435: Par | E435: 2 | F435: 110 | G435: =E435*F435 -> 220 | H435: JANEIRO | I435: DEZEMBRO | J435: NÃO | K435: NÃO | L435: peças para manutenção de véiculo vw saveiro placa ITA6164 ano 2012/2013 | N435: AGRICULTURA
A436: Material de Consumo | B436: Material para Manutenção de Veículos | C436: BUCHA BANDEJA TRASEIRA | D436: Unidade | E436: 2 | F436: 55 | G436: =E436*F436 -> 110 | H436: JANEIRO | I436: DEZEMBRO | J436: NÃO | K436: NÃO | L436: peças para manutenção de véiculo ford fiesta placa ITD9f35 ano 2012/2013 | N436: AGRICULTURA
A437: Material de Consumo | B437: Material para Manutenção de Veículos | C437: BUCHA BANDEJA TRASEIRA | D437: Unidade | E437: 2 | F437: 55 | G437: =E437*F437 -> 110 | H437: JANEIRO | I437: DEZEMBRO | J437: NÃO | K437: NÃO | L437: peças para manutenção de véiculo VW saveiro placa ITA6164 ano 2012/2013 | N437: AGRICULTURA
A438: Material de Consumo | B438: Material para Manutenção de Veículos | C438: CABOS DE VELA | D438: Unidade | E438: 6 | F438: 110 | G438: =E438*F438 -> 660 | H438: JANEIRO | I438: DEZEMBRO | J438: NÃO | K438: NÃO | L438: CABOS DE VELAS PARA MANUTENÇÃO DOS VEICULOS FOR FIESTA PLACA ITD9F35 2012/2013 E SAVEIRO PLACA ITA6164 2012/2013 | N438: AGRICULTURA
A439: Material de Consumo | B439: Material de Expediente | C439: CAIXA DE CLIPS 02 COM 100 UN | D439: Unidade | E439: 3 | F439: 3,9 | G439: =E439*F439 -> 11.7 | H439: JANEIRO | I439: DEZEMBRO | J439: NÃO | K439: NÃO | L439: MATERIAL DE EPEDIENTE PARA USO EM DOCUMENTOS DA SECRETARIA | N439: AGRICULTURA
A440: Material de Consumo | B440: Material de Expediente | C440: CAIXA DE FOLHA A4 500 FOLHAS C/ 10 PC | D440: Unidade | E440: 10 | F440: 229 | G440: =E440*F440 -> 2290 | H440: JANEIRO | I440: DEZEMBRO | J440: NÃO | K440: NÃO | L440: MATERIAL DE EXPEDIENTE PARA IMPRESSÃO DE DOCUMENTOS DA SECRETARIA | N440: AGRICULTURA
A441: Material de Consumo | B441: Material para Manutenção de Veículos | C441: CAMARA DE AR 14-17,5 | D441: Unidade | E441: 6 | F441: 280,71 | G441: =E441*F441 -> 1684.26 | H441: FEVEREIRO | I441: DEZEMBRO | J441: NÃO | K441: NÃO | L441: camara de ar para colocação nos pneus dos implementos da secretaria | N441: AGRICULTURA
A442: Material de Consumo | B442: Material para Manutenção de Veículos | C442: CAMARA DE AR 19,5-24 | D442: Unidade | E442: 2 | F442: 392 | G442: =E442*F442 -> 784 | H442: JANEIRO | I442: DEZEMBRO | J442: NÃO | K442: NÃO | L442: PNEUS PARA MANUTENÇÃO DOS IMPLEMENTOS DA SECRETARIA | N442: AGRICULTURA
A443: Material de Consumo | B443: Material para Manutenção de Veículos | C443: CAMARA DE AR 19.5/24 | D443: Unidade | E443: 2 | F443: 245 | G443: =E443*F443 -> 490 | H443: JANEIRO | I443: DEZEMBRO | J443: NÃO | K443: NÃO | L443: PARA MANUTENÇÃO DOS IMPLEMENTOS | N443: AGRICULTURA
A444: Material Permanente | B444: Equipamento para Áudio, Vídeo e Foto | C444: CÂMERA DE SEGURANÇA 3230B | D444: Unidade | E444: 2 | F444: 610 | G444: =E444*F444 -> 1220 | H444: JANEIRO | I444: DEZEMBRO | J444: SIM | K444: NÃO | L444: CAMERA DE SEGURANÇA PARA MONITORAMENTO DOS IPLEMENTOS E CARROS QUE FICAM NA FRENTE DA SEDE DA SECRETARIA | N444: AGRICULTURA
A445: Material de Consumo | B445: Material de Expediente | C445: CANETA ESFEROGRÁFICA PONTA MÉDIA AZUL CX C/50 UN | D445: Unidade | E445: 1 | F445: 35,99 | G445: =E445*F445 -> 35.99 | H445: JANEIRO | I445: DEZEMBRO | J445: NÃO | K445: NÃO | L445: CANETAS PARA USO DOS FUNCIONARIOS DA SECRETARIA | N445: AGRICULTURA
A446: Material de Consumo | B446: Material de Expediente | C446: CANETA MARCA TEXTO C/4 | D446: Unidade | E446: 3 | F446: 9,7 | G446: =E446*F446 -> 29.1 | H446: JANEIRO | I446: DEZEMBRO | J446: NÃO | K446: NÃO | L446: CANETA MARCA TEXTO PARA GRIFAR ITENS ESSENCIAIS EM DOCUMENTOS E AGENDAMENTOS | N446: AGRICULTURA
A447: Material de Consumo | B447: Material de Expediente | C447: CANETA PILOT AZUL | D447: Unidade | E447: 3 | F447: 2,4 | G447: =E447*F447 -> 7.2 | H447: JANEIRO | I447: DEZEMBRO | J447: NÃO | K447: NÃO | L447: CANETA PARA USO EM QUADRO BRANCO ONDE FICAM OS INFORMATIVOS DA SECRETARIA | N447: AGRICULTURA
A448: Material de Consumo | B448: Material de Expediente | C448: CANETA PILOT PRETA | D448: Unidade | E448: 3 | F448: 2,4 | G448: =E448*F448 -> 7.2 | H448: JANEIRO | I448: DEZEMBRO | J448: NÃO | K448: NÃO | L448: CANETA PARA USO EM QUADRO BRANCO ONDE FICAM OS INFORMATIVOS DA SECRETARIA | N448: AGRICULTURA
A449: Material de Consumo | B449: Material de Expediente | C449: CANETA PILOT VERDE | D449: Unidade | E449: 3 | F449: 2,4 | G449: =E449*F449 -> 7.2 | H449: JANEIRO | I449: DEZEMBRO | J449: NÃO | K449: NÃO | L449: CANETA PARA USO EM QUADRO BRANCO ONDE FICAM OS INFORMATIVOS DA SECRETARIA | N449: AGRICULTURA
A450: Material de Consumo | B450: Material de Expediente | C450: CANETA PILOT VERMELHA | D450: Unidade | E450: 3 | F450: 2,4 | G450: =E450*F450 -> 7.2 | H450: JANEIRO | I450: DEZEMBRO | J450: NÃO | K450: NÃO | L450: CANETA PARA USO EM QUADRO BRANCO ONDE FICAM OS INFORMATIVOS DA SECRETARIA | N450: AGRICULTURA
A451: Material de Consumo | B451: Material de Expediente | C451: CANETÃO PARA QUADRO BRANCO | D451: Unidade | E451: 3 | F451: 2,6 | G451: =E451*F451 -> 7.8 | H451: JANEIRO | I451: DEZEMBRO | J451: NÃO | K451: NÃO | L451: CANETA PARA USO EM QUADRO BRANCO ONDE FICAM OS INFORMATIVOS DA SECRETARIA | N451: AGRICULTURA
A452: Serviços | B452: Serviços Tecnicos Profissionais | C452: CAPACITAÇÃO E TREINAMENTO | D452: Unidade | E452: 12 | F452: 1000 | G452: =E452*F452 -> 12000 | H452: JANEIRO | I452: DEZEMBRO | J452: NÃO | K452: NÃO | L452: CURSOS PARA APERFEIÇOAMENTOS DOS FUNCIONARIOS DA SECRETARIA | N452: AGRICULTURA
A453: Material de Consumo | B453: Gás e Outros Materiais Engarrafados | C453: CARGA DE GÁS LIQUEFEITO, com 13kg | D453: Unidade | E453: 4 | F453: 110 | G453: =E453*F453 -> 440 | H453: JANEIRO | I453: DEZEMBRO | J453: NÃO | K453: NÃO | L453: CARGA DE GÁS USADO NO ACENDEDOR DE CHAMAS PARA MARCAÇÃO EM TERNEIRAS VACINADAS CONTRA BRUCELOSE E USO INTERNO DA SECRETARIA | N453: AGRICULTURA
A454: Material de Consumo | B454: Material para Manutenção de Bens Móveis | C454: CHAPA REFORÇO | D454: Unidade | E454: 10 | F454: 120 | G454: =E454*F454 -> 1200 | H454: JANEIRO | I454: DEZEMBRO | J454: NÃO | K454: NÃO | L454: CHAPA DE FERRO PARA REFORÇO E MANUTENÇÃO NOS IMPLEMENTOS DA SECRETARIA QUE PRECISAM DE REPAROS | N454: AGRICULTURA
A455: Material de Consumo | B455: Material para Manutenção de Veículos | C455: CHAVE DE RODA UNIVERSAL PARA VEÍCULO | D455: Unidade | E455: 1 | F455: 96,55 | G455: =E455*F455 -> 96.55 | H455: JANEIRO | I455: FEVEREIRO | J455: NÃO | K455: NÃO | L455: chave de roda para veiculo for fiesta placa itd9f35 o qual está sem chave de roda para afrouxar os parafusos | N455: AGRICULTURA
A456: Material de Consumo | B456: Outros Materiais de Consumo | C456: CHAVEIRO C/ETIQUETA | D456: Unidade | E456: 30 | F456: 0,9 | G456: =E456*F456 -> 27 | H456: JANEIRO | I456: DEZEMBRO | J456: NÃO | K456: NÃO | L456: CHAVEIROS PARA COLOCAÇÃO NAS CHAVES DOS SETORES E PORTAS DA SECRETARIA, PARA MELHOR ORGANIZAÇÃO | N456: AGRICULTURA
A457: Material de Consumo | B457: Material de Limpeza e Produtos de Higienização | C457: CLORO ATIVO LIMPEZA PESADA | D457: Unidade | E457: 25 | F457: 15,9 | G457: =E457*F457 -> 397.5 | H457: JANEIRO | I457: DEZEMBRO | J457: NÃO | K457: NÃO | L457: MATERIAL PARA LIMPEZA E CONSERVAÇÃO DA SECRETARIA | N457: AGRICULTURA
A458: Material de Consumo | B458: Material de Expediente | C458: COLA BRANCA 500G | D458: Unidade | E458: 2 | F458: 7,8 | G458: =E458*F458 -> 15.6 | H458: JANEIRO | I458: MARÇO | J458: NÃO | K458: NÃO | L458: COLA SERA USADA PARA FIXAÇÃO DE PAPEIS E DOCUMNTOS DA SECRETARIA | N458: AGRICULTURA
A459: Serviços | B459: Serviços Gráficos e Editoriais | C459: CONFECÇÃO DE ARTE GRÁFICA | D459: Unidade | E459: 10 | F459: 150 | G459: =E459*F459 -> 1500 | H459: JANEIRO | I459: DEZEMBRO | J459: NÃO | K459: NÃO | L459: CONFECÇÃO DE ARTES GRÁFICAS PARA INFORMATIVOS E ATESTADOS DE VACINAÇÃO PARA A SECRETARIA | N459: AGRICULTURA
A460: Serviços | B460: Serviços Gráficos e Editoriais | C460: CONFECÇÃO DE CARIMBO | D460: Unidade | E460: 6 | F460: 100 | G460: =E460*F460 -> 600 | H460: JANEIRO | I460: DEZEMBRO | J460: NÃO | K460: NÃO | L460: CONFECÇÃO DE CARIMBOS PARA FUNCIONARIOS E SERVIÇOS PRESTADOS PELA SECRETARIA | N460: AGRICULTURA
A461: Serviços | B461: Manutenção e Conservação de Veículos | C461: CONSERTO AR CONDICIONADO VEICULO | D461: Unidade | E461: 2 | F461: 130 | G461: =E461*F461 -> 260 | H461: JANEIRO | I461: DEZEMBRO | J461: NÃO | K461: NÃO | L461: CONSERTO DE AR CONDICIONADO DE VEICULOS DA SECRETARIA | N461: AGRICULTURA
A462: Serviços | B462: Manutenção e Conservação de Veículos | C462: CONSERTO DE PNEU | D462: Unidade | E462: 100 | F462: 60 | G462: =E462*F462 -> 6000 | H462: JANEIRO | I462: DEZEMBRO | J462: NÃO | K462: NÃO | L462: conserto de pneus de veiculos e implementos da secretaria | N462: AGRICULTURA
A463: Serviços | B463: Manutenção e Conservação de Veículos | C463: CONSERTO E LIMPEZA AR CONDICIONADO DE VEÍCULO | D463: Unidade | E463: 2 | F463: 200 | G463: =E463*F463 -> 400 | H463: JANEIRO | I463: DEZEMBRO | J463: NÃO | K463: NÃO | L463: conserto e limpeza de ar condicionado de veiculos da secretaria para manutenção e preservação dos mesmos | N463: AGRICULTURA
A464: Serviços | B464: Manutenção e Conservação de Máquinas e Equipamentos | C464: CONSERTO ENFARDADEIRA | D464: Unidade | E464: 20 | F464: 300 | G464: =E464*F464 -> 6000 | H464: JANEIRO | I464: DEZEMBRO | J464: NÃO | K464: NÃO | L464: conserto de enfardadeira que fazer o processo de confecção de fardos de feno para os produtores do municipio | N464: AGRICULTURA
A465: Serviços | B465: Manutenção e Conservação de Veículos | C465: CONSERTO PARTE ELÉTRICA | D465: Unidade | E465: 40 | F465: 98 | G465: =E465*F465 -> 3920 | H465: JANEIRO | I465: DEZEMBRO | J465: NÃO | K465: NÃO | L465: CONSERTO E MANUTENÇÃO´PARA PRESERVAÇÃO DE VEICULOS E IMPLEMENTOS DA SECRETARIA | N465: AGRICULTURA
A466: Serviços | B466: Outros Serviços de Consultoria | C466: CONSULTORIA NOS PROCESSOS DE LICENCIAMENTO AMBIENTAL | D466: Unidade | E466: 6 | F466: 600 | G466: =E466*F466 -> 3600 | H466: JANEIRO | I466: DEZEMBRO | J466: NÃO | K466: NÃO | L466: SERVIÇO ESPECIALIZADO NA PARTE DE LICENCIAMENTO AMBIENTAL PARA AUXILIO NOS PROCESSOS REALIZADOS PELO MEIO AMBIENTE | N466: AGRICULTURA
A467: Serviços | B467: Seguros em Geral | C467: CONTRATAÇÃO DE SEGURO | D467: Unidade | E467: 1 | F467: 1000 | G467: =E467*F467 -> 1000 | H467: JANEIRO | I467: DEZEMBRO | J467: NÃO | K467: NÃO | L467: CONTRATAÇÃO DE SEGURO VEICULAR DO FIESTA PLACA ITD9F35 PARA ASSEGURAR QUALQUER DANO | N467: AGRICULTURA
A468: Material de Consumo | B468: Material de Copa e Cozinha | C468: COPO DESCARTAVEL 150ml C/100 UND | D468: Unidade | E468: 5 | F468: 4,3 | G468: =E468*F468 -> 21.5 | H468: JANEIRO | I468: DEZEMBRO | J468: NÃO | K468: NÃO | L468: COPOS DESCARTAVEIS PARA USO DE MUNICIPES E FUNCIONARIOS DA SECRETARIA | N468: AGRICULTURA
A469: Material de Consumo | B469: Material para Manutenção de Veículos | C469: CORREIA AGRÍCOLA | D469: Unidade | E469: 10 | F469: 220 | G469: =E469*F469 -> 2200 | H469: JANEIRO | I469: DEZEMBRO | J469: NÃO | K469: NÃO | L469: CORREIA PARA CONSERTO E MANUTENÇÃO DOS IMPLEMENTOS DA SECRETARIA | N469: AGRICULTURA
A470: Material de Consumo | B470: Material para Manutenção de Veículos | C470: CORREIA B120.3BM PARA SEGADEIRA | D470: Unidade | E470: 6 | F470: 73,75 | G470: =E470*F470 -> 442.5 | H470: FEVEREIRO | I470: DEZEMBRO | J470: NÃO | K470: NÃO | L470: correia para manutenção e conserto de segadeira que é usada pra corte onde faz o processo de fenação | N470: AGRICULTURA
A471: Material de Consumo | B471: Material para Manutenção de Veículos | C471: COXIM AMORTECEDOR DIANTEIRO | D471: Unidade | E471: 4 | F471: 78 | G471: =E471*F471 -> 312 | H471: JANEIRO | I471: DEZEMBRO | J471: NÃO | K471: NÃO | L471: MANUTENÇÃO DOS VICULOS DA SECRETARIA FIESTA 2012/2013 E SAVEIRO 2012/2013 | N471: AGRICULTURA
A472: Material de Consumo | B472: Material para Manutenção de Veículos | C472: COXIM AMORTECEDOR TRASEIRO | D472: Unidade | E472: 4 | F472: 98 | G472: =E472*F472 -> 392 | H472: JANEIRO | I472: DEZEMBRO | J472: NÃO | K472: NÃO | L472: MANUTENÇÃO DE VEICULOS DA SECRETARIA FIETA 2012/2013 E SAVEIRO 2012/2013 | N472: AGRICULTURA
A473: Serviços | B473: Serviços de Seleção e Treinamento | C473: CURSO DE CAPACITAÇÃO E TREINAMENTO | D473: Unidade | E473: 12 | F473: 530 | G473: =E473*F473 -> 6360 | H473: JANEIRO | I473: DEZEMBRO | J473: NÃO | K473: NÃO | L473: CURSO PARA CAPACITAÇÃO DE FUNCIONÁRIOS DA SECRETARIA, PARA APERFEIÇOAMENTO DAS FUNÇÕES | N473: AGRICULTURA
A474: Material de Consumo | B474: Material para Manutenção de Veículos | C474: DENTE DA CAÇAMBA | D474: Unidade | E474: 30 | F474: 290 | G474: =E474*F474 -> 8700 | H474: JANEIRO | I474: DEZEMBRO | J474: NÃO | K474: NÃO | L474: TROCA DE DENTES DA CAÇAMBA DA RETRO ESCAVADEIRA QUE QUEBRAM E SE DESGASTAM DEVIDO OS TRABALHOS REALIZADOS | N474: AGRICULTURA
A475: Material de Consumo | B475: Material para Manutenção de Veículos | C475: DENTES PARA CONCHA | D475: Unidade | E475: 30 | F475: 159 | G475: =E475*F475 -> 4770 | H475: JANEIRO | I475: DEZEMBRO | J475: NÃO | K475: NÃO | L475: AQUISIÇÃO DE DENTES PARA A CONCHA DA RETRO ESCAVADEIRA JCB 3CX QUE DESGASTAM E QUEBRAM DEVIDO AO SERVIÇO PESADO PRESTADO PELA SECRETARIA | N475: AGRICULTURA
A476: Material de Consumo | B476: Outros Materiais de Consumo | C476: Desengripante rápido, para desengripar porcas, parafusos, dobradiças, fechaduras e mecanismos delicados, embalagem de 300(trezentos) ml. | D476: Unidade | E476: 24 | F476: 27 | G476: =E476*F476 -> 648 | H476: JANEIRO | I476: DEZEMBRO | J476: NÃO | K476: NÃO | L476: DESENGRIPANTE PARA USO NOS IMPLEMENTOS ONDE É FEITA A MANUTENÇÃO | N476: AGRICULTURA
A477: Material de Consumo | B477: Material de Limpeza e Produtos de Higienização | C477: DESINFETANTE PARA USO GERAL, EMBALAGEM COM 2 L | D477: Unidade | E477: 36 | F477: 4,9 | G477: =E477*F477 -> 176.4 | H477: JANEIRO | I477: DEZEMBRO | J477: NÃO | K477: NÃO | L477: MATERIAL DE LIMPEZA PARA A CONSERVAÇÃO E LIMPEZA DA SECRETARIA | N477: AGRICULTURA
A478: Serviços | B478: Outros Serviços | C478: DESPESA DE HOSPEDAGEM E ALIMENTAÇÃO | D478: Unidade | E478: 20 | F478: 200 | G478: =E478*F478 -> 4000 | H478: JANEIRO | I478: DEZEMBRO | J478: NÃO | K478: NÃO | L478: ALIMENTAÇÃO E HOSPEDAGEM DE FUNCIONARIOS QUANDO ESTÃO A TRABALHO FORA DO MUNICIPIO | N478: AGRICULTURA
A479: Material de Consumo | B479: Material de Limpeza e Produtos de Higienização | C479: DETERGENTE LÍQUIDO | D479: Unidade | E479: 36 | F479: 3,4 | G479: =E479*F479 -> 122.4 | H479: JANEIRO | I479: DEZEMBRO | J479: NÃO | K479: NÃO | L479: DETERGENTE PARA LIMPEZA E MANUTEÑÇÃO DA SECRETARIA | N479: AGRICULTURA
A480: Serviços | B480: Outros Serviços | C480: DIÁRIA COM PERNOITE SERVIDOR(DENTRO DO ESTADO) | D480: Unidade | E480: 12 | F480: 400 | G480: =E480*F480 -> 4800 | H480: JANEIRO | I480: DEZEMBRO | J480: NÃO | K480: NÃO | L480: DIARIAS PARA FUNCIONARIOS QUE ESTÃO A TRABALHO OU CURSO FORA DO MUNICIPIO | N480: AGRICULTURA
A481: Serviços | B481: Outros Serviços | C481: DIÁRIA SEM PERNOITE SERVIDOR(DENTRO DO ESTADO) | D481: Unidade | E481: 12 | F481: 200 | G481: =E481*F481 -> 2400 | H481: JANEIRO | I481: DEZEMBRO | J481: NÃO | K481: NÃO | L481: DIARIA DE SERVIDORES QUE ESTÃO EM CURSOS, PALESTRAS OU A TRABALHO FORA DO MUNICIPIO | N481: AGRICULTURA
A482: Material de Consumo | B482: Combustiveis e Lubrificantes Automotivos | C482: DIESEL-S-10 | D482: Litro | E482: 8000 | F482: 6,22 | G482: =E482*F482 -> 49760 | H482: JANEIRO | I482: DEZEMBRO | J482: NÃO | K482: NÃO | L482: DIESEL PARA COLOCAÇÃO NOS MAQUINÁRIOS E IMPLEMENTOS DA SECRETARIA PARA REALIZAÇÃO DE SERVOÇOS | N482: AGRICULTURA
A483: Material de Consumo | B483: Combustiveis e Lubrificantes Automotivos | C483: DIESEL-S-10 | D483: Litro | E483: 22000 | F483: 6,22 | G483: =E483*F483 -> 136840 | H483: JANEIRO | I483: DEZEMBRO | J483: NÃO | K483: NÃO | L483: PARA USO DE TODOS OS IMPLEMENTOS DA SECRETARIA | N483: AGRICULTURA
A484: Material de Consumo | B484: Material para Manutenção de Veículos | C484: DISCO DA EMBREAGEM | D484: Unidade | E484: 12 | F484: 300 | G484: =E484*F484 -> 3600 | H484: JANEIRO | I484: DEZEMBRO | J484: NÃO | K484: NÃO | L484: disco de embreagem para manutenção e conservação dos implementos e maquinarios da secretaria | N484: AGRICULTURA
A485: Serviços | B485: Serviços Tecnicos Profissionais | C485: ELABORAÇÃO DE PROJETO DE LICENCIAMENTO FLORESTAL | D485: Unidade | E485: 24 | F485: 1000 | G485: =E485*F485 -> 24000 | H485: JANEIRO | I485: DEZEMBRO | J485: NÃO | K485: NÃO | L485: projetos elaborados para licenciamento ambiental obrigatório | N485: AGRICULTURA
A486: Serviços | B486: Serviços Tecnicos Profissionais | C486: ELABORAÇÃO DE PROJETO DE RECUPERAÇÃO DE ÁREA DEGRADADA - PRAD | D486: Unidade | E486: 24 | F486: 1000 | G486: =E486*F486 -> 24000 | H486: JANEIRO | I486: DEZEMBRO | J486: NÃO | K486: NÃO | L486: projeto elaborado por tecnico especializado para serviços do meio ambiente | N486: AGRICULTURA
...

Sheet TOTAIS
A1: RESUMO POR SECRETARIA:
A2: ADMINISTRAÇÃO | B2: =SUMIF(PAC!N:N,A2,PAC!G:G) -> 2067333
A3: AGRICULTURA | B3: =SUMIF(PAC!N:N,A3,PAC!G:G) -> 6849640.1
A4: ASSISTÊNCIA SOCIAL | B4: =SUMIF(PAC!N:N,A4,PAC!G:G) -> 5136564.2
A5: FAZENDA | B5: =SUMIF(PAC!N:N,A5,PAC!G:G) -> 260700.45
A6: OBRAS | B6: =SUMIF(PAC!N:N,A6,PAC!G:G) -> 2101096.9
A7: SAÚDE | B7: =SUMIF(PAC!N:N,A7,PAC!G:G) -> 8425069
A8: SMEC | B8: =SUMIF(PAC!N:N,A8,PAC!G:G) -> 14203086
A9: TOTAL GERAL | B9: =SUM(B2:B8) -> 39043490
